 Dungeon Crawl Stone Soup version 0.31-a0-496-g6f97920a28 (webtiles) character file.

Game seed: 11714094142578339991

81 randomguy2701 the Stinger (level 4, -3/27 HPs)
             Began as an Octopode Venom Mage on Aug 8, 2023.
             Slain by Terence
             ... wielding a +0 mace
              (5 damage)
             ... on level 2 of the Dungeon.
             The game lasted 00:02:04 (1905 turns).

randomguy2701 the Stinger (Octopode Venom Mage)     Turns: 1905, Time: 00:02:05

Health: -3/27      AC:  1    Str:  7    XL:     4   Next: 42%
Magic:  7/8        EV: 13    Int: 19    God:
Gold:   30         SH:  0    Dex: 12    Spells: 7/8 levels left

rFire   . . .        (no weapon)
rCold   . . .        (no shield)
rNeg    . . .        (helmet restricted)
rPois   .            (no amulet)
rElec   .            (no ring)
rCorr   .            (no ring)
SInv    .            (no ring)
Will    .....        (no ring)
Stlth   +++          (no ring)
HPRegen 0.24/turn    (no ring)
MPRegen 0.11/turn    (no ring)
                     (no ring)

%: no passive effects
@: no status effects
A: almost no armour, amphibious, 8 rings, camouflage 1, gelatinous body 1,
(nimble swimmer 1), tentacles
a: no special abilities


You were on level 2 of the Dungeon.
You visited 1 branch of the dungeon, and saw 2 of its levels.

You collected 30 gold pieces.

Inventory:

Scrolls
 b - a scroll of enchant armour {unknown}
 c - a scroll of identify {unknown}
 d - a scroll of revelation {unknown}
 e - a scroll of butterflies {unknown}
 f - a scroll of teleportation {unknown}
 g - a scroll of poison {unknown}
Potions
 a - a potion of magic
 h - 2 potions of mutation {unknown}


   Skills:
 + Level 2.4 Dodging
 * Level 3.6 Stealth
 + Level 2.7 Spellcasting
 - Level 1.0 Transmutations
 + Level 4.7 Poison Magic


You had 7 spell levels left.
You knew the following spells:

 Your Spells              Type           Power      Damage    Failure   Level
a - Sting                 Tmut/Pois      52%        1d5       4%          1

Your spell library contained the following spells:

 Spells                   Type           Power      Damage    Failure   Level
 Poisonous Vapours        Pois/Air       22%        N/A       9%          2
 Olgreb's Toxic Radiance  Pois           20%        N/A       22%         4
 Mephitic Cloud           Conj/Pois/Air  8%         N/A       24%         3


Dungeon Overview and Level Annotations

Branches:
Dungeon (2/15)

Altars:

Annotations:
D:2 Natasha, Terence


Innate Abilities, Weirdness & Mutations

You cannot wear most types of armour.
You are amphibious.
You can wear up to eight rings at the same time.
Your skin changes colour to match your surroundings (Stealth+).
Your rubbery body absorbs attacks. (AC +1, EV +1)
((You are camouflaged when in or above water. (Stealth+)))
You have tentacles for arms and can constrict up to eight enemies at once.


Message History

You constrict the worm.
You kill the worm!
You now have 30 gold pieces (gained 3).
Terence the Incautious comes into view.
He is wielding a +0 mace.
Terence is nearby!
Terence is nearby!
Terence is nearby!
Terence is nearby!
Natasha, Servant of Life and Death comes into view.
Found a grey potion and 10 gold pieces.
An adder comes into view.
Natasha hisses angrily.
The adder hisses angrily.
Natasha mumbles some strange words.
Natasha casts a spell.
Terence says, "Don't bother to defend, it's pointless."
Natasha growls.
The sting hits the adder.
The adder is poisoned.
The adder is moderately wounded.
The adder misses you.
The sting hits the adder.
The adder looks even sicker.
The adder is almost dead.
The adder bites you.
The cerulean imp hits you but does no damage.
The adder misses you.
A hobgoblin comes into view.
Terence hits you with a +0 mace.
A kobold comes into view.
It is wielding a +0 dagger of holy wrath.
Terence attacks as you move away! Terence hits you with a +0 mace!
Terence screams, "I'm going to kill you!"
You kill the adder!
The cerulean imp barely misses you. Terence attacks as you move away!
Terence barely misses you.
Natasha mumbles some strange words.
The cerulean imp hits you from afar with a +1 spear.
* * * LOW HITPOINT WARNING * * *
The cerulean imp hits you from afar with a +1 spear.
* * * LOW HITPOINT WARNING * * *
Terence attacks as you move away! Terence hits you with a +0 mace.
You die...

......# #..##.# ##. .....# ....
......####.....# ...###....##....
...........#####.##...#...$.g....
.......##..####..#..........#.$#
................#..............##
...........######............#!..
.......#.#...# #..............#
#......÷...#####.............#
###.###.#.......@.#..........#...
....###.#.....###@##.5.......# .#
†.......#.....###..5.........# #
#...##.........####5.........#
..<..#.##......## #......K...#
................###..........#
......###.........#............
..............#.#.#............#
.....#.##.....#................#


You could see Terence and 2 cerulean imps.

Vanquished Creatures
  Natasha (D:2)
  A gnoll (D:1)
  An adder (D:2)
  A worm (D:2)
  A dart slug (D:1)
  3 ball pythons (D:1)
  2 endoplasms (D:1)
  A giant cockroach (D:1)
  4 goblins (D:1)
  3 hobgoblins
  2 jackals (D:1)
  A quokka (D:1)
  3 bats
  3 frilled lizards
  4 kobolds (D:1)
  2 rats (D:2)
33 creatures vanquished.

Notes
Turn   | Place    | Note
-------+----------+-------------------------------------------
     0 | D:1      | randomguy2701 the Octopode Venom Mage began the quest for
                  | the Orb.
     0 | D:1      | Reached XP level 1. HP: 11/11 MP: 3/3
   158 | D:1      | Reached skill level 4 in Poison Magic
   158 | D:1      | Reached XP level 2. HP: 14/17 MP: 0/5
   548 | D:1      | Reached XP level 3. HP: 21/21 MP: 4/6
  1658 | D:2      | Noticed Natasha
  1686 | D:2      | Killed Natasha
  1687 | D:2      | Reached XP level 4. HP: 23/27 MP: 2/8
  1879 | D:2      | Noticed Terence
  1880 | D:2      | Noticed Natasha
  1905 | D:2      | Slain by Terence

Illustrated notes

Levels and vault maps discovered:
D:1:      dpeg_arrival_tiny_c, layout_basic, minmay_hexomino_f4
D:2:      layout_rooms, serial_shops, nicolae_shop_stone, uniq_terence,
          uniq_natasha

Skill      XL: |  1  2 |
---------------+-------+-----
Poison Magic   | 4 |  4.7
Stealth        | 3 |  3.6
Dodging        | |  2.4
Spellcasting   | |  2.7
Transmutations | |  1.0

Action                     |  1- 3 |  4- 6 || total
---------------------------+-------+-------++-------
  Melee: Unarmed           |     4 |     7 ||    11
         Constrict         |     2 |     1 ||     3
         Punch             |     1 |       ||     1
         Tentacles         |     1 |     2 ||     3
   Cast: Sting             |    58 |    13 ||    71
 Armour: Skin              |     2 |     1 ||     3
  Dodge: Dodged            |    19 |     5 ||    24

Table legend: (Time is in decaauts)
 A = Elapsed time spent in this place.
 B = Non-inter-level travel time spent in this place.
 C = Inter-level travel time spent in this place.
 D = Time resting spent in this place.
 E = Time spent auto-exploring this place.
 F = Levels seen in this place.
 G = Mean time per level.
                   A        B        C        D        E       F      G
               +--------+--------+--------+--------+--------+-----+--------+
         Total |   1904 |   1868 |     36 |     16 |   1626 |   2 |  952.0 |
       Dungeon |   1904 |   1868 |     36 |     16 |   1626 |   2 |  952.0 |
               +--------+--------+--------+--------+--------+-----+--------+

Top non-repeatable levels by time:
     D:1: 1581 daAuts
     D:2: 323 daAuts
